[Event "Titled Tuesday Blitz February 15 Late 2022"]
[White "Curtis, John"]
[Black "Goltsev, Dmitry"]
[WhiteFideId "3200256"]
[BlackFideId "24176710"]
[WhiteElo "2203"]
[BlackElo "2273"]
[Result "0-1"]
[Round "02"]
[TimeControl "180+1"]
[Date "2022.02.16"]
[WhiteClock "0:01:07"]
[BlackClock "0:02:06"]

1. e4 e6 2. d4 d5 3. Nc3 Nf6 4. Bg5 Be7 5. Bxf6 Bxf6 6. Nf3 c6 7. Qd3 Nd7 8. O-O-O a6 9. g4 b5 10. h4 Nb6 11. g5 Be7 12. Ne5 Bb7 13. exd5 cxd5 14. Qf3 Rf8 15. Bd3 g6 16. Qh3 Nc4 17. f4 Rc8 18. h5 Nxb2 19. Kxb2 Rxc3 20. Kxc3 Qa5+ 21. Kb2 Ba3+ 22. Kb3 0-1


[Site "https://www.chess.com"]

[Event "Titled Tuesday Blitz February 15 Late 2022"]
[White "Debray, Christopher"]
[Black "Zhigalko, Sergei"]
[WhiteFideId "630810"]
[BlackFideId "13502956"]
[WhiteElo "2369"]
[BlackElo "2662"]
[Result "0-1"]
[Round "02"]
[TimeControl "180+1"]
[Date "2022.02.15"]
[WhiteClock "0:00:55"]
[BlackClock "0:00:26"]

1. d4 Nf6 2. Bf4 e6 3. e3 d5 4. Nd2 Bd6 5. Bg3 O-O 6. c3 b6 7. Ngf3 Bb7 8. Bd3 c5 9. Ne5 Nc6 10. f4 Ne7 11. O-O Nf5 12. Bf2 Be7 13. g4 Nd6 14. Qf3 Nfe4 15. Rad1 f6 16. g5 fxe5 17. dxe5 Nxd2 18. Rxd2 Ne4 19. Bxe4 dxe4 20. Rxd8 exf3 21. Rd7 Ba6 22. Rxe7 Bxf1 23. Kxf1 Rfe8 24. Rd7 Red8 25. Re7 Rd2 26. Rxe6 Rad8 27. Be1 Rxb2 28. f5 f2 29. Bxf2 Rd1+ 30. Be1 Rbb1 31. g6 Rxe1+ 32. Kg2 hxg6 33. fxg6 Kf8 34. Rd6 Ke7 35. Rc6 Rxe3 36. Rc7+ Ke6 37. Rxg7 Rxe5 38. Rxa7 Rg5+ 39. Kf3 Rxg6 40. Rb7 Rh6 41. h4 Rxh4 42. Kg3 Ra4 43. Rxb6+ Rxb6 0-1


[Site "https://www.chess.com"]

[Event "Titled Tuesday Blitz February 15 Late 2022"]
[White "Delaney, Killian"]
[Black "Ponkratov, Pavel"]
[WhiteFideId "2501570"]
[BlackFideId "4157800"]
[WhiteElo "2306"]
[BlackElo "2487"]
[Result "1/2-1/2"]
[Round "02"]
[TimeControl "180+1"]
[Date "2022.02.16"]
[WhiteClock "0:02:23"]
[BlackClock "0:02:41"]

1. e4 c5 2. Nf3 a6 3. c3 d5 4. exd5 Qxd5 5. d4 e6 6. Be3 cxd4 7. cxd4 Nf6 8. Nc3 Qh5 9. Be2 Nc6 10. Ne5 Qh4 11. g3 Qh3 12. Bf1 Qf5 13. Bd3 Qh5 14. Be2 Qh3 15. Bf1 Qh5 16. Be2 Qh3 1/2-1/2


[Site "https://www.chess.com"]

[Event "Titled Tuesday Blitz February 15 Late 2022"]
[White "Demchenko, Anton"]
[Black "Michelakos, Panagiotis"]
[WhiteFideId "4160258"]
[BlackFideId "4216067"]
[WhiteElo "2539"]
[BlackElo "2140"]
[Result "0-1"]
[Round "02"]
[TimeControl "180+1"]
[Date "2022.02.15"]
[WhiteClock "0:00:04"]
[BlackClock "0:00:06"]

1. e4 c5 2. Nf3 g6 3. Bc4 Nc6 4. c3 Bg7 5. O-O d6 6. d4 Nf6 7. Re1 cxd4 8. cxd4 Bg4 9. d5 Ne5 10. Bb5+ Nfd7 11. Nc3 O-O 12. Be2 Bxf3 13. gxf3 Rc8 14. Be3 a6 15. Bd4 b5 16. a4 Rc4 17. Bxc4 bxc4 18. Kh1 Nd3 19. Be3 Nxe1 20. Qxe1 Ne5 21. Qe2 Nd3 22. f4 Qd7 23. Rd1 Rb8 24. Rd2 Qh3 25. Rc2 Bxc3 26. Rxc3 Rxb2 27. Qd1 Rxf2 28. Bxf2 Nxf2+ 29. Kg1 Qxc3 30. Kxf2 Qb2+ 31. Ke3 c3 32. Kd3 Qxh2 33. Kxc3 Qxf4 34. Kd3 Qg3+ 35. Kc4 Qa3 36. Qc2 Qc5+ 37. Kd3 Qxc2+ 38. Kxc2 h5 0-1


[Site "https://www.chess.com"]

[Event "Titled Tuesday Blitz February 15 Late 2022"]
[White "Dev, Shah"]
[Black "Galchenko, Matvey"]
[WhiteFideId "35019058"]
[BlackFideId "24175480"]
[WhiteElo "2098"]
[BlackElo "2453"]
[Result "1-0"]
[Round "02"]
[TimeControl "180+1"]
[Date "2022.02.15"]
[WhiteClock "0:00:19"]
[BlackClock "0:00:08"]

1. d4 Nf6 2. c4 c5 3. d5 e6 4. Nc3 exd5 5. cxd5 d6 6. Nf3 g6 7. h3 Bg7 8. e4 O-O 9. Be3 Re8 10. Bd3 b5 11. Bxb5 Nbd7 12. Nd2 Rb8 13. O-O a6 14. Be2 Qc7 15. Qc2 Nb6 16. a4 Nh5 17. a5 Nd7 18. f4 Ng3 19. Rfe1 Nxe2+ 20. Rxe2 c4 21. Na4 c3 22. Nxc3 f5 23. Ra4 Nf6 24. Bb6 Qf7 25. Nc4 Nxe4 26. Nxe4 Rxe4 27. Rxe4 fxe4 28. Nxd6 Qd7 29. Nxc8 Rxc8 30. Qxe4 Bxb2 31. Rc4 Re8 32. Qf3 h5 33. Re4 Rf8 34. Re6 Kh7 35. Qe4 Bf6 36. Bd4 Bxd4+ 37. Qxd4 Rf7 38. Qe4 Rg7 39. f5 Qa7+ 40. Kh2 Qc7+ 41. d6 Qc5 42. fxg6+ Kh6 43. Qf4+ Qg5 44. Qxg5+ Kxg5 45. Kg3 Kf5 46. Re7 Rxg6+ 47. Kh4 Rxd6 48. Kxh5 Rd5 49. Ra7 Rxa5 50. g4+ Kf4+ 51. Kh4 Ra3 52. Rf7+ Ke5 53. g5 Ke6 54. Rf6+ Ke7 55. Kg4 Ra4+ 56. Kh5 a5 57. h4 Ra1 58. Kg6 a4 59. h5 a3 60. Ra6 a2 61. h6 Kd7 62. h7 Rh1 63. Rxa2 Ke7 64. Ra8 1-0


[Site "https://www.chess.com"]

[Event "Titled Tuesday Blitz February 15 Late 2022"]
[White "Dias, Joao Batista"]
[Black "Gracia Alvarez, Gerardo Antonio"]
[WhiteFideId "2108240"]
[BlackFideId "5109124"]
[WhiteElo "1898"]
[BlackElo "2139"]
[Result "0-1"]
[Round "02"]
[TimeControl "180+1"]
[Date "2022.02.16"]
[WhiteClock "0:00:20"]
[BlackClock "0:02:42"]

1. e4 c5 2. Nf3 Nc6 3. d3 g6 4. Be2 Bg7 5. O-O e6 6. c3 Nge7 7. Bg5 h6 8. Be3 b6 9. Nbd2 O-O 10. a3 d5 11. Rc1 Bb7 12. exd5 Nxd5 13. Re1 Nxe3 14. fxe3 Qc7 15. Ne4 Rad8 16. Qc2 f5 17. Nf2 Ne5 18. Nxe5 Bxe5 19. h3 Bh2+ 20. Kh1 Bxg2+ 21. Kxg2 Qg3+ 22. Kf1 Qg1# 0-1


[Site "https://www.chess.com"]

[Event "Titled Tuesday Blitz February 15 Late 2022"]
[White "Djabri,Massinas"]
[Black "Petrovic, Aleksa"]
[WhiteFideId "7905726"]
[BlackFideId "967629"]
[WhiteElo "1941"]
[BlackElo "2139"]
[Result "0-1"]
[Round "02"]
[TimeControl "180+1"]
[Date "2022.02.16"]
[WhiteClock "0:00:10"]
[BlackClock "0:00:25"]

1. d4 Nf6 2. c4 g6 3. Nc3 Bg7 4. e4 d6 5. Nge2 O-O 6. Ng3 a6 7. Be2 h5 8. h4 Nc6 9. d5 Ne5 10. Bg5 Nh7 11. Be3 Ng4 12. Bd4 e5 13. dxe6 Bxe6 14. Bxg7 Kxg7 15. Qd4+ Qf6 16. Rd1 Qxd4 17. Rxd4 Nhf6 18. f3 Ne3 19. Kf2 Nc2 20. Rd2 Nb4 21. Rc1 a5 22. Bf1 Na6 23. Nge2 Bxc4 24. Nd4 Bxf1 25. Kxf1 Nc5 26. Ncb5 Rfc8 27. Nb3 Nfd7 28. N3d4 Ne5 29. Nb3 b6 30. N3d4 Kf6 31. b3 Ke7 32. Nc3 c6 33. f4 Ned3 34. Rcd1 Nxf4 35. Kf2 Rc7 36. g3 Nfe6 37. Nxe6 Nxe6 38. Rxd6 Rd8 39. Rxd8 Nxd8 40. Na4 Rb7 41. Ke3 Ne6 42. e5 Nc7 43. Kf4 Nd5+ 44. Kg5 Ke6 45. Rc1 c5 46. Re1 Rc7 47. Nb2 b5 48. Nd3 c4 49. bxc4 bxc4 50. Nf4+ Nxf4 51. gxf4 c3 52. Rc1 c2 53. f5+ gxf5 54. Kxh5 Kxe5 55. Kg5 f4 56. h5 f3 57. h6 f2 58. h7 f6+ 59. Kg6 Rxh7 60. Kxh7 Kd4 61. Kg6 Kd3 62. Kxf6 Kd2 63. Rf1 Ke2 64. Rxf2+ Kxf2 0-1


[Site "https://www.chess.com"]

[Event "Titled Tuesday Blitz February 15 Late 2022"]
[White "Dubov, Daniil"]
[Black "Matinian, Nikita"]
[WhiteFideId "24126055"]
[BlackFideId "24129100"]
[WhiteElo "2791"]
[BlackElo "2422"]
[Result "1-0"]
[Round "02"]
[TimeControl "180+1"]
[Date "2022.02.15"]
[WhiteClock "0:00:06"]
[BlackClock "0:00:05"]

1. d4 Nf6 2. Bf4 g6 3. Nc3 d5 4. e3 c6 5. Be2 Nbd7 6. h4 h5 7. Nf3 Bg7 8. Ne5 Qb6 9. a3 Nxe5 10. Bxe5 Bf5 11. Rb1 a5 12. O-O O-O 13. f3 Qd8 14. Qd2 a4 15. Rbe1 e6 16. Nd1 Nd7 17. Bxg7 Kxg7 18. g3 e5 19. Nf2 exd4 20. exd4 Qc7 21. Kg2 Rae8 22. Bd3 Bxd3 23. Nxd3 Qd6 24. Qb4 Qxb4 25. Nxb4 Nb6 26. Kf2 Nc4 27. Nd3 f6 28. Nc5 Kf7 29. Nd3 Rxe1 30. Rxe1 Re8 31. Ra1 Ra8 32. Nc5 Nxb2 33. Rb1 Nc4 34. Rxb7+ Kg8 35. Nd7 Nxa3 36. Nxf6+ Kf8 37. Nd7+ Kg8 38. Nf6+ Kf8 39. Nd7+ Kg8 40. Ke3 Nc4+ 41. Kf4 a3 42. Kg5 Nd6 43. Nf6+ Kf8 44. Rd7 a2 45. Nh7+ Ke8 46. Nf6+ Kf8 47. Kxg6 a1=Q 48. Nh7+ Ke8 49. Nf6+ Kf8 50. Rxd6 Qb1 51. f4 Qxc2+ 52. f5 Qd3 53. g4 Qe3 54. Rd7 Qe7 55. Nh7+ Ke8 56. Rxe7+ Kxe7 57. f6+ Ke6 58. Ng5+ Kd6 59. gxh5 c5 60. dxc5+ Kxc5 61. f7 Kd6 62. Kg7 Ke7 63. h6 d4 64. Ne4 d3 65. h7 Rf8 66. h8=Q Rxh8 67. Kxh8 Kxf7 68. Kh7 Kf8 69. Kg6 Kg8 70. Nd2 Kh8 71. h5 Kg8 72. h6 Kh8 73. Ne4 Kg8 74. h7+ 1-0


[Site "https://www.chess.com"]

[Event "Titled Tuesday Blitz February 15 Late 2022"]
[White "Erdogdu, Mert"]
[Black "Paravyan, David"]
[WhiteFideId "6301495"]
[BlackFideId "4194985"]
[WhiteElo "2485"]
[BlackElo "2569"]
[Result "0-1"]
[Round "02"]
[TimeControl "180+1"]
[Date "2022.02.15"]
[WhiteClock "0:00:04"]
[BlackClock "0:00:12"]

1. e4 e5 2. f4 exf4 3. Nf3 d6 4. Bc4 h6 5. O-O g5 6. d4 Bg7 7. c3 Nc6 8. g3 Bh3 9. Rf2 Qe7 10. Nbd2 O-O-O 11. b4 Nf6 12. b5 Nb8 13. Bd3 Ng4 14. Re2 fxg3 15. hxg3 h5 16. Nc4 h4 17. Bxg5 Bf6 18. gxh4 Rdg8 19. Qd2 Rxh4 20. Bxh4 Ne5+ 21. Kh1 Nxf3 22. Bxf6 Qxf6 23. Qe3 Bf1 24. Rh2 Nxh2 25. Bxf1 Nxf1 26. Qh3+ Nd7 27. Rxf1 Qg7 28. e5 Rh8 29. Qxh8+ Qxh8+ 30. Kg2 dxe5 31. Rxf7 0-1


[Site "https://www.chess.com"]

[Event "Titled Tuesday Blitz February 15 Late 2022"]
[White "Fedoseev, Vladimir"]
[Black "Gledura, Benjamin"]
[WhiteFideId "24130737"]
[BlackFideId "712779"]
[WhiteElo "2726"]
[BlackElo "2326"]
[Result "1-0"]
[Round "02"]
[TimeControl "180+1"]
[Date "2022.02.15"]
[WhiteClock "0:00:05"]
[BlackClock "0:00:02"]

1. g3 d5 2. Bg2 c6 3. Nf3 Bg4 4. O-O Nd7 5. d3 e5 6. Nbd2 Bd6 7. e4 Ne7 8. Re1 O-O 9. b3 a5 10. a3 d4 11. Qe2 a4 12. Qf1 axb3 13. cxb3 b5 14. Bb2 Nc5 15. Rec1 Nd7 16. h3 Bh5 17. Rc2 Ra6 18. b4 Nb6 19. Nb3 Na4 20. Bc1 f6 21. Bd2 Bf7 22. Qb1 Qb6 23. Nc5 Nxc5 24. bxc5 Bxc5 25. Bb4 Bxb4 26. Qxb4 Qa7 27. h4 Rd8 28. Rcc1 Ra4 29. Qb2 Ra8 30. Qe2 Rxa3 31. Rab1 Ra2 32. Qf1 Qa3 33. Bh3 b4 34. Ne1 b3 35. f4 exf4 36. Qxf4 b2 37. Rc2 Ng6 38. Qf2 c5 39. Rcxb2 Rxb2 40. Rxb2 Ne5 41. Bf1 h5 42. Rb7 Qc3 43. Nf3 Ra2 44. Ng5 fxg5 45. Qf5 Ra8 46. Qxe5 gxh4 47. Rxf7 Kxf7 48. Qd5+ Kg6 49. Qxa8 hxg3 50. Qc6+ Kh7 51. Qd6 Qe1 52. Qf4 g5 53. Qf5+ Kh6 54. Qf6+ Kh7 55. Kg2 h4 56. e5 Qd2+ 57. Kh3 Qh2+ 58. Kg4 g2 59. Kh5 gxf1=Q 60. Qe7+ Kg8 61. Kg6 Qxd3+ 62. Kh6 Qf5 63. Qg7# 1-0


[Site "https://www.chess.com"]

[Event "Titled Tuesday Blitz February 15 Late 2022"]
[White "Fiorito, Fabian"]
[Black "Krzyzanowski, Marcin"]
[WhiteFideId "100200"]
[BlackFideId "1132199"]
[WhiteElo "2395"]
[BlackElo "2396"]
[Result "0-1"]
[Round "02"]
[TimeControl "180+1"]
[Date "2022.02.16"]
[WhiteClock "0:00:46"]
[BlackClock "0:00:14"]

1. d4 Nf6 2. Nc3 d5 3. Bf4 a6 4. e3 e6 5. g4 c5 6. g5 Nfd7 7. h4 Nc6 8. Nce2 Qb6 9. Rb1 Qa5+ 10. c3 cxd4 11. exd4 b5 12. Bg2 b4 13. Nf3 Qxa2 14. O-O Qa5 15. h5 Be7 16. Qd3 Qb5 17. Qe3 g6 18. Ng3 Na5 19. Ne5 Nc4 20. Nxc4 Qxc4 21. Be5 O-O 22. hxg6 fxg6 23. f4 Nxe5 24. fxe5 Bd7 25. Bh3 bxc3 26. bxc3 Rac8 27. Ne2 Bxg5 28. Qxg5 Qxe2 29. Qe7 Qe3+ 30. Kg2 Qe4+ 31. Kg1 Qe3+ 32. Kg2 Qd2+ 33. Kg1 Qxc3 34. Bxe6+ Bxe6 35. Qxe6+ Kh8 36. Qxd5 Qg3+ 37. Kh1 Qh3+ 38. Kg1 Qg4+ 39. Kh1 Rcd8 40. Qc5 Rf3 41. Rxf3 Qxf3+ 42. Kh2 Qe2+ 43. Kg1 Qe3+ 44. Kh2 Qf4+ 45. Kg1 Rf8 46. e6 Qg3+ 47. Kh1 Qf3+ 48. Kg1 Qe3+ 49. Kh1 Qe4+ 50. Kg1 Qxb1+ 51. Kh2 Rf2+ 52. Kg3 Qg1+ 53. Kh4 Rh2# 0-1


[Site "https://www.chess.com"]

[Event "Titled Tuesday Blitz February 15 Late 2022"]
[White "Gatterer, Florian"]
[Black "Sargsyan, Anna M."]
[WhiteFideId "811688"]
[BlackFideId "13308130"]
[WhiteElo "2218"]
[BlackElo "2271"]
[Result "0-1"]
[Round "02"]
[TimeControl "180+1"]
[Date "2022.02.16"]
[WhiteClock "0:00:25"]
[BlackClock "0:02:02"]

1. Nf3 d5 2. e3 Nf6 3. c4 c6 4. Nc3 e6 5. Qc2 Bd6 6. b3 e5 7. Bb2 e4 8. Nd4 O-O 9. d3 exd3 10. Bxd3 dxc4 11. Bxc4 Nbd7 12. O-O-O Ne5 13. Nf5 Nxc4 14. bxc4 Bxf5 15. Qxf5 Qe7 16. Kb1 Ba3 17. Rd4 Bxb2 18. Kxb2 b5 19. cxb5 cxb5 20. Rhd1 Rac8 21. Nd5 Nxd5 22. Qxd5 h6 23. Qe4 Qf6 24. Qf4 Qc6 25. R4d2 Qc3+ 26. Kb1 Rc4 27. Rd4 Qc2+ 28. Ka1 Ra4 29. Rxa4 Qxd1+ 30. Kb2 Qxa4 0-1


[Site "https://www.chess.com"]

[Event "Titled Tuesday Blitz February 15 Late 2022"]
[White "Golubenko, Valentina"]
[Black "Khater, Sherif"]
[WhiteFideId "4501993"]
[BlackFideId "2034280"]
[WhiteElo "2164"]
[BlackElo "2543"]
[Result "0-1"]
[Round "02"]
[TimeControl "180+1"]
[Date "2022.02.16"]
[WhiteClock "0:00:04"]
[BlackClock "0:00:20"]

1. d4 Nf6 2. g3 e6 3. Bg2 c5 4. Nf3 cxd4 5. Nxd4 Nc6 6. Nxc6 bxc6 7. c4 Be7 8. O-O O-O 9. Nc3 h6 10. e4 Qc7 11. Bf4 e5 12. Be3 d6 13. Rc1 Be6 14. Nd5 Bxd5 15. cxd5 c5 16. b4 Nd7 17. bxc5 Nxc5 18. f4 f6 19. Qd2 Rab8 20. Rfd1 Rfd8 21. fxe5 fxe5 22. Rf1 a5 23. Rf5 a4 24. Rcf1 Rf8 25. Bxh6 Rxf5 26. exf5 gxh6 27. f6 Bf8 28. f7+ Kh8 29. g4 Bg7 30. g5 Kh7 31. Qc2+ e4 32. Bxe4+ Kh8 33. Bg2 Qe7 34. Qg6 Qe3+ 35. Kh1 Nd3 36. Be4 Nf2+ 37. Rxf2 Qc1+ 38. Kg2 Qxg5+ 39. Qxg5 hxg5 40. Kg3 Be5+ 41. Kg4 Kg7 42. Kxg5 Rf8 43. Bg6 a3 44. h4 Bd4 45. Rf3 Bb2 46. h5 Kh8 47. Kf5 Kg7 48. Ke6 Be5 49. Rh3 Ra8 50. h6+ Kxg6 51. h7 Kg7 52. Rg3+ Kxh7 53. Ke7 Bg7 54. Kxd6 Rf8 55. Ke7 Rb8 56. d6 Bf8+ 57. Ke6 Rb6 58. Rh3+ Kg6 59. Rg3+ Kh5 60. Rd3 Kg6 61. Rg3+ Kh5 62. Rd3 Kg4 63. Kd7 Bg7 64. Ke8 Rb8+ 65. Ke7 Bf8+ 66. Ke6 Kf4 67. d7 Ke4 68. Rd1 Rd8 69. Kf6 Ke3 70. Re1+ Kd2 71. Re8 Rxd7 72. Rxf8 Kd1 73. Rb8 Rd2 74. f8=Q Rf2+ 75. Ke7 Re2+ 76. Kf7 Rxa2 77. Ke6 Re2+ 78. Kd5 Rd2+ 79. Kc4 Kc1 80. Kb4 Rc2 81. Ka4 a2 82. Qf3 a1=Q+ 83. Kb4 Rb2+ 84. Kc4 Qa4+ 85. Kd3 Rb3+ 86. Ke2 Rxf3 87. Kxf3 Qc6+ 88. Ke3 Qc5+ 89. Ke2 Qe5+ 90. Kd3 Qxb8 0-1


[Site "https://www.chess.com"]

[Event "Titled Tuesday Blitz February 15 Late 2022"]
[White "Golubev, Mikhail"]
[Black "Timofeev, Artyom"]
[WhiteFideId "14100983"]
[BlackFideId "4140419"]
[WhiteElo "2374"]
[BlackElo "2583"]
[Result "0-1"]
[Round "02"]
[TimeControl "180+1"]
[Date "2022.02.15"]
[WhiteClock "0:00:02"]
[BlackClock "0:00:11"]

1. e4 c5 2. Nf3 Nc6 3. Nc3 g6 4. d4 cxd4 5. Nxd4 Bg7 6. Be3 Nf6 7. Nxc6 dxc6 8. Qxd8+ Kxd8 9. O-O-O+ Ke8 10. h3 Nd7 11. f4 e5 12. f5 h5 13. Bc4 Nb6 14. Bb3 gxf5 15. exf5 Bxf5 16. Rhf1 Be6 17. Bxe6 fxe6 18. Ne4 Nd5 19. Bd2 Rd8 20. c4 Nf4 21. Be3 b6 22. Rxd8+ Kxd8 23. g3 Ne2+ 24. Kd2 Nd4 25. Rf7 Bh6 26. Bxh6 Rxh6 27. Rxa7 b5 28. cxb5 cxb5 29. b4 Nc6 30. Rb7 Nd4 31. Ke3 Rg6 32. Rb6 Kc7 33. Ra6 Nc2+ 34. Kd2 Nxb4 35. Ra7+ Kc6 36. Rh7 Kd5 37. Nc3+ Kc5 38. Rc7+ Kb6 39. Rh7 Rxg3 0-1


[Site "https://www.chess.com"]

[Event "Titled Tuesday Blitz February 15 Late 2022"]
[White "Grigoriants, Sergey"]
[Black "Sohal, Tanraj"]
[WhiteFideId "4130804"]
[BlackFideId "2608499"]
[WhiteElo "2502"]
[BlackElo "2200"]
[Result "1/2-1/2"]
[Round "02"]
[TimeControl "180+1"]
[Date "2022.02.15"]
[WhiteClock "0:00:02"]
[BlackClock "0:00:19"]

1. e4 c5 2. Nf3 e6 3. d4 cxd4 4. Nxd4 Nf6 5. Nc3 Nc6 6. a3 d5 7. Bb5 Bd7 8. exd5 exd5 9. O-O Be7 10. Re1 O-O 11. h3 a6 12. Bf1 Rc8 13. Nxc6 Bxc6 14. Be3 Ne4 15. Ne2 Bf6 16. Nd4 Qd7 17. c3 Rfe8 18. Qf3 g6 19. Bh6 Bxd4 20. cxd4 Qf5 21. Qxf5 gxf5 22. f3 Nd6 23. Bf4 Nc4 24. Rxe8+ Rxe8 25. b3 Na5 26. Rb1 Bb5 27. Bxb5 axb5 28. Kf2 Nc6 29. Rd1 Ra8 30. Bc1 Kg7 31. Ke3 Kf6 32. g4 Re8+ 33. Kd3 fxg4 34. hxg4 Kg6 35. Rh1 Re6 36. Bd2 Rf6 37. f4 Rd6 38. f5+ Kg7 39. Bf4 Rd7 40. Rc1 b4 41. axb4 Nxb4+ 42. Kd2 Nc6 43. Kd3 Nb4+ 44. Kd2 Nc6 45. Rc5 f6 46. Kc3 Ne7 47. Rb5 h5 48. gxh5 Nxf5 49. Kd3 Ne7 50. Kd2 Nc6 51. Kd3 Re7 52. Be3 f5 53. Kd2 f4 54. Bxf4 Nxd4 55. Rb6 Nc6 56. Bg5 Rf7 57. Ke3 d4+ 58. Ke4 Rd7 59. Kd3 Ne5+ 60. Ke4 Nc6 61. Kd3 Ne5+ 62. Ke4 Nc6 1/2-1/2


[Site "https://www.chess.com"]

[Event "Titled Tuesday Blitz February 15 Late 2022"]
[White "Grigorov, Grigor"]
[Black "Janaszak, Dawid"]
[WhiteFideId "2907313"]
[BlackFideId "1119206"]
[WhiteElo "2510"]
[BlackElo "2199"]
[Result "1-0"]
[Round "02"]
[TimeControl "180+1"]
[Date "2022.02.15"]
[WhiteClock "0:01:14"]
[BlackClock "0:00:46"]

1. d4 Nf6 2. Nf3 g6 3. Bg5 Bg7 4. c3 O-O 5. Nbd2 d5 6. e3 Ne4 7. Nxe4 dxe4 8. Nd2 f5 9. h4 h6 10. Bc4+ Kh7 11. h5 Qe8 12. hxg6+ Qxg6 13. Bxe7 Re8 14. Ba3 Qxg2 15. Qh5 Qg6 16. Qh2 Nc6 17. O-O-O Be6 18. d5 Bxd5 19. Bxd5 Ne5 20. Rdg1 Qa6 21. Qh5 Nd3+ 22. Kb1 Re5 23. Bf7 Nxf2 24. Rg6 Qd3+ 25. Ka1 Nxh1 26. Rxg7+ Kxg7 27. Qg6+ Kh8 28. Qxh6# 1-0


[Site "https://www.chess.com"]

[Event "Titled Tuesday Blitz February 15 Late 2022"]
[White "Grischuk, Alexander"]
[Black "Saveliev, Alexei"]
[WhiteFideId "4126025"]
[BlackFideId "24128546"]
[WhiteElo "2762"]
[BlackElo "2281"]
[Result "1-0"]
[Round "02"]
[TimeControl "180+1"]
[Date "2022.02.15"]
[WhiteClock "0:00:26"]
[BlackClock "0:00:02"]

1. e4 g6 2. d4 Bg7 3. Nf3 d6 4. Bd3 Nc6 5. O-O e5 6. dxe5 Nxe5 7. Nxe5 dxe5 8. Bc4 Be6 9. Bxe6 fxe6 10. Qxd8+ Rxd8 11. a4 Ne7 12. Na3 Nc6 13. c3 a6 14. Bg5 Rd7 15. Rfd1 h6 16. Be3 Rxd1+ 17. Rxd1 Ke7 18. Bc5+ Kf6 19. Kf1 Bf8 20. Bxf8 Rxf8 21. Ke2 Rd8 22. b4 Rxd1 23. Kxd1 Na7 24. Nc4 b5 25. Nb2 Ke7 26. a5 c5 27. Nd3 cxb4 28. cxb4 Nc6 29. Kd2 Kd6 30. Kc3 Ke7 31. Nc5 Nb8 32. Kd3 Kd6 33. Ke3 Ke7 34. Kf3 Kf6 35. Kg4 Ke7 36. g3 Kf6 37. f4 Ke7 38. h4 Kf6 39. h5 g5 40. f5 1-0


[Site "https://www.chess.com"]

[Event "Titled Tuesday Blitz February 15 Late 2022"]
[White "Gubajdullin, Alexei"]
[Black "Kamsky, Gata"]
[WhiteFideId "4141202"]
[BlackFideId "2000024"]
[WhiteElo "2268"]
[BlackElo "2645"]
[Result "0-1"]
[Round "02"]
[TimeControl "180+1"]
[Date "2022.02.15"]
[WhiteClock "0:00:08"]
[BlackClock "0:00:41"]

1. d4 Nf6 2. Nf3 d5 3. Bf4 Bf5 4. e3 e6 5. c4 Bxb1 6. Qxb1 Bb4+ 7. Kd1 Bd6 8. Bxd6 Qxd6 9. cxd5 exd5 10. Bd3 a5 11. Ke2 Nbd7 12. Rc1 c6 13. Qc2 O-O 14. h3 Rfe8 15. Kf1 g6 16. Qb3 Qb4 17. Rc3 Qxb3 18. Rxb3 Ra7 19. Nd2 Rd8 20. Rc3 Ne8 21. Nb3 Nd6 22. Nc5 Nxc5 23. Rxc5 Re8 24. h4 Kg7 25. Ke2 h6 26. g3 Raa8 27. a3 f5 28. Rac1 g5 29. hxg5 hxg5 30. Rh1 Rh8 31. Rcc1 Rae8 32. Kf3 Ref8 33. g4 fxg4+ 34. Kg3 Rf3+ 35. Kg2 Rfh3 36. Rxh3 gxh3+ 37. Kg3 h2 38. Rh1 Kf6 39. Rxh2 Rxh2 40. Kxh2 Nc4 41. Bxc4 dxc4 42. Kg3 b5 43. Kf3 b4 44. Ke2 c3 45. Kd3 cxb2 46. Kc2 bxa3 47. e4 g4 48. Kb1 Kg5 49. Ka2 Kf4 50. e5 Kf5 51. Kb1 c5 52. dxc5 Kxe5 53. c6 Kd6 54. c7 Kxc7 0-1


[Site "https://www.chess.com"]

[Event "Titled Tuesday Blitz February 15 Late 2022"]
[White "Gurevich, Dmitry"]
[Black "Dreev, Aleksey"]
[WhiteFideId "2000407"]
[BlackFideId "4100107"]
[WhiteElo "2578"]
[BlackElo "2836"]
[Result "0-1"]
[Round "02"]
[TimeControl "180+1"]
[Date "2022.02.16"]
[WhiteClock "0:00:01"]
[BlackClock "0:00:04"]

1. d4 d5 2. c4 c6 3. e3 Nf6 4. Nc3 e6 5. Nf3 Nbd7 6. Qc2 Bd6 7. b3 O-O 8. Be2 b6 9. O-O Bb7 10. Bb2 Qe7 11. Rad1 Rad8 12. Rfe1 Bb4 13. Qc1 a5 14. a3 Bd6 15. Bd3 Rfe8 16. e4 dxc4 17. Bxc4 e5 18. d5 cxd5 19. Nxd5 Nxd5 20. exd5 Rc8 21. Qa1 e4 22. Bxg7 f6 23. Bh6 Qf7 24. Bb5 exf3 25. Bxd7 Qxd7 26. Qxf6 Qg4 27. g3 Bf8 28. Re6 Rxe6 29. dxe6 Qg6 30. Qxg6+ hxg6 31. Bg5 Bxa3 32. h4 Bc6 33. Rd7 Bc5 0-1


[Site "https://www.chess.com"]

[Event "Titled Tuesday Blitz February 15 Late 2022"]
[White "Hakemi, Arman"]
[Black "Svane, Rasmus"]
[WhiteFideId "22520805"]
[BlackFideId "4657101"]
[WhiteElo "2208"]
[BlackElo "2645"]
[Result "0-1"]
[Round "02"]
[TimeControl "180+1"]
[Date "2022.02.15"]
[WhiteClock "0:00:10"]
[BlackClock "0:00:42"]

1. e4 c6 2. d4 d5 3. e5 Bf5 4. Nf3 e6 5. Be2 Ne7 6. O-O Ng6 7. Be3 Nd7 8. Ne1 h5 9. c3 f6 10. f4 h4 11. Qd2 Qb6 12. a4 c5 13. a5 Qc7 14. a6 b6 15. Bb5 Rc8 16. Na3 Kf7 17. Be2 Nb8 18. Nb5 Qd7 19. g4 hxg3 20. hxg3 c4 21. Na3 Rh7 22. Ng2 Bxa3 23. Rxa3 Rch8 24. Kf2 Rh2 25. Bf3 Bd3 26. Rg1 Nc6 27. b4 Nce7 28. Qd1 Nf5 29. Bd2 R8h3 30. Bg4 Rh7 31. Ra1 Qe8 32. Qa4 Qc8 33. Rae1 Be4 34. Bf3 Bxf3 35. Kxf3 Nge7 36. Re2 R7h3 37. Be1 Qh8 38. Ne3 Nh4+ 39. Kg4 f5+ 40. Kg5 Qh6# 0-1


[Site "https://www.chess.com"]

[Event "Titled Tuesday Blitz February 15 Late 2022"]
[White "Hamley, Ryan"]
[Black "Pinheiro, Iung Alicio de O."]
[WhiteFideId "30959497"]
[BlackFideId "2104350"]
[WhiteElo "2382"]
[BlackElo "2639"]
[Result "1-0"]
[Round "02"]
[TimeControl "180+1"]
[Date "2022.02.16"]
[WhiteClock "0:00:39"]
[BlackClock "0:00:13"]

1. e4 c5 2. Nf3 Nc6 3. Bb5 e6 4. O-O Nge7 5. Re1 a6 6. Bf1 d5 7. exd5 Nxd5 8. d4 Nf6 9. Be3 Qa5 10. c3 cxd4 11. Nxd4 Bd7 12. Nd2 Be7 13. Nc4 Qc7 14. Qf3 Nxd4 15. Bxd4 Bc6 16. Qe3 Nd5 17. Qg3 Qxg3 18. hxg3 O-O 19. Ne5 Rfc8 20. Nxc6 Rxc6 21. Rad1 b5 22. Be2 Rd8 23. Bf3 Rcc8 24. Kf1 a5 25. Rd3 a4 26. a3 Kf8 27. Red1 Rd7 28. Bb6 Bd8 29. Bxd5 exd5 30. Be3 Bf6 31. Rxd5 Rxd5 32. Rxd5 Rb8 33. Rd7 Ke8 34. Ra7 g5 35. Ke2 h5 36. Ra6 Ke7 37. Ra7+ Ke6 38. Rc7 g4 39. Rc5 Be5 40. Rxe5+ 1-0


[Site "https://www.chess.com"]

[Event "Titled Tuesday Blitz February 15 Late 2022"]
[White "Dronavalli, Harika"]
[Black "Sviridov, Valery"]
[WhiteFideId "5015197"]
[BlackFideId "4120680"]
[WhiteElo "2382"]
[BlackElo "2454"]
[Result "1-0"]
[Round "02"]
[TimeControl "180+1"]
[Date "2022.02.15"]
[WhiteClock "0:01:44"]
[BlackClock "0:01:50"]

1. d4 g6 2. e4 Bg7 3. Nf3 d6 4. Bd3 e6 5. O-O b6 6. c3 Bb7 7. Re1 Nd7 8. Nbd2 Ne7 9. Nf1 h6 10. Be3 O-O 11. Qd2 Kh7 12. Rad1 f5 13. exf5 Nxf5 14. Bxf5 Rxf5 15. Ng3 Rxf3 16. gxf3 Bxf3 17. Bf4 Bxd1 18. Qxd1 Qf6 19. Qg4 Re8 20. h4 h5 21. Nxh5 Qf5 22. Qxf5 gxf5 23. Bg5 Kg6 24. Nf4+ Kf7 25. d5 e5 26. Ne6 Rc8 27. Nd8+ Kg6 28. Nc6 a5 29. Ne7+ 1-0


[Site "https://www.chess.com"]